 Dungeon Crawl Stone Soup version 0.17.1-2-g5865329 (webtiles) character file.

194 dearth the Cudgeler (level 5, 0/46 HPs)
             Began as a Minotaur Fighter on Jan 28, 2016.
             Succumbed to kobold's curare-tipped needle
             ... on level 3 of the Dungeon.
             The game lasted 00:06:32 (2400 turns).

dearth the Cudgeler (Minotaur Fighter)              Turns: 2400, Time: 00:06:32

Health: 0/46       AC:  8    Str: 21    XL:     5   Next: 44%
Magic:  4/4        EV:  7    Int: 10    God:
Gold:   163        SH: 10    Dex: 10    Spells: 0 memorised, 4 levels left

rFire  . . .     SeeInvis .     h - +0 mace (drain)
rCold  . . .     Clarity  .     b - +0 scale mail
rNeg   . . .     SustAt   .     c - +0 shield
rPois  .         Gourm    .     (helmet restricted)
rElec  .         Spirit   .     y - +0 cloak {+Inv}
rCorr  .         Warding  .     (no gloves)
rMut   .         Stasis   .     (no boots)
MR     .....                    (no amulet)
Stlth  ..........               (no ring)
                                (no ring)

@: brilliant, lethally poisoned (0 -> -3), slowed, very slow, not resistant to
hostile enchantments, extremely unstealthy
A: retaliatory headbutt, horns 2
a: Evoke Invisibility


You were on level 3 of the Dungeon.
You were not hungry.

You visited 1 branch of the dungeon, and saw 3 of its levels.

You collected 163 gold pieces.

Inventory:

Hand Weapons
 a - a +0 flail
 h - a +0 mace of draining (weapon)
Missiles
 f - 92 stones (quivered)
Armour
 b - a +0 scale mail (worn)
 c - a +0 shield (worn)
 y - a +0 cloak of invisibility (worn)
Scrolls
 e - 2 scrolls of identify {unknown}
 l - 2 scrolls of immolation {unknown}
 n - a scroll of enchant weapon {unknown}
 p - 2 scrolls of remove curse {unknown}
 q - a scroll of enchant armour {unknown}
 r - a scroll of recharging {unknown}
 s - a scroll of amnesia {unknown}
Potions
 d - a potion of might
 i - a potion of lignification {unknown}
 j - 3 potions of brilliance
 k - 2 potions of curing {unknown}
 u - a potion of degeneration {unknown}
 v - 2 potions of heal wounds {unknown}
 w - a potion of flight {unknown}
Comestibles
 g - 3 bread rations
 o - a royal jelly
 t - a meat ration
 x - a slice of pizza


   Skills:
 + Level 4.3 Fighting
 * Level 4.9 Maces & Flails
 + Level 4.4 Armour
 + Level 4.9 Shields


You had 4 spell levels left.
You didn't know any spells.

Dungeon Overview and Level Annotations

Branches:
Dungeon (3/15)

Altars:
Gozag


Innate Abilities, Weirdness & Mutations

You reflexively headbutt those who attack you in melee.
You have a pair of horns on your head.


Message History

You barely miss the orc. You headbutt the orc, but do no damage.
You feel sick. The orc hits you but does no damage.
The orc completely misses you.
You hit the orc. You drain the orc!
You kill the orc!
You feel sick. The orc hits you with a hand axe.
* * * LOW HITPOINT WARNING * * *
Unknown command.
You hit the orc.
The orc is heavily wounded.
* * * LOW HITPOINT WARNING * * *
You feel sick. The orc hits you with a hand axe.
* * * LOW HITPOINT WARNING * * *
You hit the orc but do no damage. You drain the orc!
You kill the orc!
* * * LOW HITPOINT WARNING * * *
You feel sick.
Drink which item? (? for menu, Esc to quit)
It was a potion of brilliance.
You feel clever all of a sudden.
You die...

........# #.........
........# #####.........
........# #............#
........###............#
.......................#
#(###....)........ #.#
#............. #)#
#########.###. #@# #.# #.....
#.# #.######.....
##.####......#..... #########
#....##.####.#.##.. #.......#
#....##.#.##.#.##). #.......#
#.(..##.#.......... #.......#
##.####.#..#.#..... #.......#
#.####.#..#.......
#.......####..†..........####


There were no monsters in sight!

Vanquished Creatures
  A crimson imp (D:3)
  Crazy Yiuf (D:3)
  Ijyb (D:3)
  3 adders
  An ooze (D:1)
  A worm (D:2)
  3 giant geckos
  5 orcs (D:3)
  7 bats
  2 giant cockroaches
  7 hobgoblins
  10 kobolds
  2 giant newts
  5 goblins
  4 jackals (D:2)
  2 quokkas
  3 rats
58 creatures vanquished.

Vanquished Creatures (others)
  An orc wizard (D:3)
1 creature vanquished.

Grand Total: 59 creatures vanquished

Notes
Turn   | Place    | Note
--------------------------------------------------------------
     0 | D:1      | dearth the Minotaur Fighter began the quest for the Orb.
     0 | D:1      | Reached XP level 1. HP: 19/19 MP: 0/0
   499 | D:1      | Reached XP level 2. HP: 27/27 MP: 1/1
   544 | D:1      | Reached skill level 4 in Shields
  1177 | D:2      | Reached XP level 3. HP: 33/33 MP: 2/2
  1255 | D:2      | Found an opulent altar of Gozag.
  1718 | D:2      | Reached XP level 4. HP: 37/40 MP: 3/3
  1869 | D:3      | Noticed Ijyb
  1886 | D:3      | Killed Ijyb
  2126 | D:3      | Noticed Crazy Yiuf
  2130 | D:3      | Killed Crazy Yiuf
  2261 | D:3      | Found a faded altar to an unknown god.
  2286 | D:3      | Reached XP level 5. HP: 41/46 MP: 4/4
  2398 | D:3      | HP: 2/46 [orc/hand axe (3)]
  2400 | D:3      | Succumbed to kobold's curare-tipped needle

Action                   |  1- 3 |  4- 6 || total
-------------------------+-------+-------++-------
Melee: Flail             |    10 |       ||    10
       Mace              |    73 |    61 ||   134
  Use: Potion            |       |     1 ||     1
  Eat: Bread ration      |     1 |       ||     1
